 Dungeon Sprint DCSS version 0.31.0-32-g396128a36d (webtiles) character file.

Game seed: 9876012046180963675

329 Heoruswealwe the Spear-Bearer (level 6, -1/62 HPs)
             Began as a Minotaur Fighter on Apr 19, 2024.
             Was an Initiate of Gozag.
             Shot with an arrow by a centaur (5 damage)
             ... in the Dungeon (Sprint IX: "|||||||||||||||||||||||||||||").
             The game lasted 00:01:24 (106 turns).

Heoruswealwe the Spear-Bearer (Minotaur Fighter)     Turns: 106, Time: 00:01:25

Health: -1/62      AC:  8    Str: 22    XL:     6   Next: 25%
Magic:  5/5        EV:  9    Int:  5    God:    Gozag
Gold:   0          SH:  4    Dex: 10    Spells: 5/5 levels left

rFire   . . .        a - +0 trident
rCold   . . .        d - +0 buckler
rNeg    . . .        c - +0 scale mail
rPois   .            (helmet restricted)
rElec   .            (no cloak)
rCorr   .            (no gloves)
SInv    .            (no boots)
Will    .....        (no amulet) Stlth
                     (no ring)
HPRegen 0.30/turn    (no ring)
MPRegen 0.09/turn

%: no teleportation
@: gold aura, slowed, very slow
A: horns 2, retaliatory headbutt
a: Renounce Religion, Potion Petition, Call Merchant, Bribe Branch


You were in the Dungeon.
You worshipped Gozag.
Gozag was noncommittal.
You visited 1 branch

Inventory:

Hand Weapons
 a - a +0 trident (weapon)
Armour
 c - a +0 scale mail (worn)
 d - a +0 buckler (worn)
Jewellery
 k - a +3 ring of strength
 l - a +3 ring of dexterity
Wands
 h - a wand of iceblast (10)
Scrolls
 j - 2 scrolls of blinking
Potions
 b - a potion of might
 e - 5 potions of curing
 f - 3 potions of heal wounds
 g - a potion of haste
 i - a potion of berserk rage


   Skills:
 + Level 8.8 Fighting
 * Level 11.4 Polearms
 + Level 8.8 Armour
 - Level 3.6 Shields


You had 5 spell levels left.
You didn't know any spells.
Your spell library was empty.

Dungeon Overview and Level Annotations

Branches:
Dungeon (1/1)

Altars:
Cheibriados
Dithmenos
Elyvilon
Fedhas
Gozag
Hepliaklqana
Kikubaaqudgha
Makhleb
Nemelex Xobeh
Okawaru
Qazlal
Ru
Sif Muna
Trog
Uskayaw
Vehumet
Wu Jian
Xom
Yredelemnul
Zin
The Shining One
Jiyva
Lugonu


Innate Abilities, Weirdness & Mutations

You have a pair of horns on your head.
You reflexively headbutt those who attack you in melee.


Message History

Things that are here:
45 gold pieces; a +2 whip of freezing; 2 poisoned darts The orc warrior shouts!
You puncture the wraith!
The wraith is moderately damaged.
You feel sick. The wraith hits you.
* * * LOW HITPOINT WARNING * * *
You hit the wraith.
You headbutt the wraith, but do no damage.
The wraith is heavily damaged.
The orc warrior is no longer distracted by gold.
You hit the wraith but do no damage.
The wraith is heavily damaged.
You feel sick. You block the wraith's attack.
The acid dragon is distracted by your dazzling golden aura.
The acid dragon roars!
You puncture the wraith!
The wraith is severely damaged.
You feel sick. The wraith barely misses you. You furiously retaliate!
You headbutt the wraith. You closely miss the wraith.
The wraith is almost destroyed.
You feel sick.
The acid dragon is no longer distracted by gold.
You block the wraith's attack.
You hit the wraith.
The wraith is almost destroyed.
You feel sick.
You are no longer poisoned.
You hit the wraith but do no damage.
The wraith is almost destroyed.
The wraith hits you.
* * * LOW HITPOINT WARNING * * *
The wraith drains your vigour!
You feel yourself slow down.
You barely miss the wraith. You headbutt the wraith.
You destroy the wraith!
The centaur wields a +0 shortbow.
The centaur shoots an arrow.
The arrow hits you.
You die...
Your body crumbles into a pile of gold.

▓.▓
▓[▓
▓[▓
▓[▓
▓.▓
▓.▓
▓'▓
▓$▓
▓@▓
▓$▓
▓c▓
▓o▓
▓D▓
▓+▓


You could see an orc warrior, an acid dragon and a centaur.

Vanquished Creatures
  A wraith (D)
  A black bear (D)
  A kobold brigand (D)
  A gnoll sergeant (D)
  A scorpion (D)
  A sleepcap (D)
  2 adders (D)
  A ball python (D)
  2 endoplasms (D)
  A goblin (D)
  A hobgoblin (D)
13 creatures vanquished.

Notes
Turn   | Place    | Note
-------+----------+-------------------------------------------
     0 | D        | Heoruswealwe the Minotaur Fighter began the quest for the
                  | Orb.
     0 | D        | Reached XP level 1. HP: 19/19 MP: 0/0
     5 | D        | Reached skill level 3 in Polearms
    13 | D        | Reached skill level 4 in Polearms
    19 | D        | Noticed a scorpion
    19 | D        | Noticed a black bear
    19 | D        | Noticed a sleepcap
    23 | D        | Reached XP level 2. HP: 28/28 MP: 1/1
    29 | D        | Reached skill level 5 in Fighting
    29 | D        | Reached skill level 5 in Polearms
    29 | D        | Reached skill level 5 in Armour
    31 | D        | Killed a scorpion
    32 | D        | Reached skill level 7 in Polearms
    32 | D        | Reached XP level 3. HP: 28/37 MP: 2/2
    32 | D        | Reached XP level 4. HP: 33/44 MP: 3/3
    33 | D        | Killed a black bear
    34 | D        | Reached skill level 9 in Polearms
    34 | D        | Reached XP level 5. HP: 40/52 MP: 4/4
    37 | D        | Reached skill level 10 in Polearms
    43 | D        | Found a snail-covered altar of Cheibriados.
    43 | D        | Found a shadowy altar of Dithmenos.
    43 | D        | Found a white marble altar of Elyvilon.
    43 | D        | Found a blossoming altar of Fedhas.
    43 | D        | Found an opulent altar of Gozag.
    44 | D        | Found a hazy altar of Hepliaklqana.
    45 | D        | Found a viscous altar of Jiyva.
    46 | D        | Found an ancient bone altar of Kikubaaqudgha.
    47 | D        | Found a corrupted altar of Lugonu.
    48 | D        | Found a burning altar of Makhleb.
    49 | D        | Found a sparkling altar of Nemelex Xobeh.
    50 | D        | Found an iron altar of Okawaru.
    51 | D        | Became a worshipper of Gozag Ym Sagoz the Greedy
    52 | D        | Found a stormy altar of Qazlal.
    53 | D        | Found a sacrificial altar of Ru.
    54 | D        | Found a shimmering blue altar of Sif Muna.
    55 | D        | Found a bloodstained altar of Trog.
    56 | D        | Found a hide-covered altar of Uskayaw.
    57 | D        | Found a radiant altar of Vehumet.
    58 | D        | Found an ornate altar of the Wu Jian Council.
    59 | D        | Found a shimmering altar of Xom.
    60 | D        | Found a basalt altar of Yredelemnul.
    61 | D        | Found a glowing silver altar of Zin.
    62 | D        | Found a glowing golden altar of the Shining One.
    87 | D        | Noticed a wraith
    87 | D        | Noticed a centaur
    87 | D        | Noticed an orc warrior
    87 | D        | Noticed an acid dragon
    98 | D        | Reached skill level 11 in Polearms
    98 | D        | Reached XP level 6. HP: 15/62 MP: 5/5
   105 | D        | HP: 3/62 [wraith (5)]
   106 | D        | Killed a wraith
   106 | D        | Shot with an arrow by a centaur

Illustrated notes

Levels and vault maps discovered:
D:        linesprint [early_d, line_temple, items_1, d_10, items_2, lair_1,
          lair_end, items_3, orc_1, orc_end, items_4, d_15, swamp_1, shoals_1,
          snake_1, spider_1, d_20, vaults_1, items_5, swamp_end, shoals_end,
          snake_end, spider_end, vaults_end, d_27, items_6, zot_1, zot_end,
          crypt_end, forest_end, elf_end, slime_end, tomb_end, abyss_end,
          pan_hell_end]

Skill      XL: |  1  2  3  4  5 |
---------------+----------------+-----
Polearms       | 4 7 9 11 | 11.4
Fighting       | 4 6 7 8 |  8.8
Armour         | 4 6 7 8 |  8.8
Shields        | |  3.6

Action                     |  1- 3 |  4- 6 || total
---------------------------+-------+-------++-------
  Melee: Trident           |    21 |    21 ||    42
         Headbutt          |     4 |     9 ||    13
 Armour: Scale mail        |     7 |    13 ||    20
  Dodge: Dodged            |    12 |     3 ||    15
  Block: Buckler           |     1 |     4 ||     5
